AoeStats
← Vilo41

Arena

509446663Analyzed
1v1 RM · 6d ago on Sep 26, 2026· 37m 10s· 2 players
Game mode
Random Map
Map size
Tiny (2 player)
Population
200
Speed
Normal
Resources
Standard
Victory
Conquest
Starting age
Dark Age
Ending age
Imperial Age
RankedLock teamsTeams togetherTeam positionsShared explorationLock speedFull tech treeHidden civsTurbo modeCheats
Victory
Defeat
🇬🇷 Bohemians · Greece
1005
+16
🇻🇪 Burgundians · Venezuela
1000
-48
Vilo41
7:47 Double-Bit Axe
11:57 Wheelbarrow
11:46 Horse Collar
16:43 Feudal Age
18:04 Gold Mining
18:22 Heavy Plow
18:50 Hand Cart
19:37 Gold Shaft Mining
19:20 Bow Saw
23:49 Stone Mining
26:29 Castle Age
25:59 Man-at-Arms
27:56 Crop Rotation
28:52 Light Cavalry
32:28 Two-Man Saw
38:23 Imperial Age
Sir Tristan
11:54 Feudal Age
13:24 Loom
15:53 Castle Age
13:52 Horse Collar
14:30 Double-Bit Axe
18:04 Heavy Plow
18:32 Bow Saw
23:54 Loom
24:47 Wheelbarrow
23:57 Town Watch
26:22 Ballistics
27:03 Chemistry
26:05 Padded Archer Armor
25:55 Fletching
29:33 Imperial Age
27:53 Hand Cart
27:56 Leather Archer Armor
28:48 Bodkin Arrow
29:37 Crossbowman
30:44 Conscription
32:01 Two-Man Saw
31:56 Bracer
32:27 Ring Archer Armor
31:47 Arbalester
32:38 Town Patrol
35:47 Husbandry
Connection lost

Rejoining the realm…

Still unreachable

The connection could not be restored.

Session expired

The server has moved on; the page needs a fresh start.